[Event "French-ch Youth U18 2022"]
[Site "Agen"]
[Date "2022.04.18"]
[Round "3.2"]
[White "Decker, Thomas"]
[Black "Decuigniere, Tom"]
[Result "1/2-1/2"]
[ECO "A20"]
[WhiteElo "2043"]
[BlackElo "2292"]
[Annotator "TA"]
[PlyCount "82"]
[EventDate "2022.04.17"]
[EventType "swiss"]
[EventCountry "FRA"]
[SourceTitle "playchess.com"]
[Source "ChessBase"]
[SourceQuality "1"]
[TimeControl "5400+30"]

1. c4 e5 2. g3 Nf6 3. Bg2 c6 4. Nf3 e4 5. Nd4 d5 6. cxd5 Qxd5 7. Nb3 Qh5 {[%emt 0:02:18] A20: English Opening: 1...e5.} 8. h3 Qg6 9. Nc3 Bd6 {[%emt 0:00:59] The position is equal.} 10. Qc2 e3 11. Qxg6 exf2+ 12. Kxf2 {[%emt 0:00:02] [#]} fxg6 $146 ({Predecessor:} 12... hxg6 13. d4 Nh5 14. g4 Ng3 15. Rd1 f5 16. d5 Be5 17. Rd3 fxg4 18. Re3 O-O+ {0-1 (43) Khachykian,S (2076)-Prohaszka,P (2404) Herceg Novi 2006}) 13. Ne4 (13. d4 $11) 13... Nxe4+ 14. Bxe4 Nd7 15. d3 a5 16. Be3 O-O+ 17. Kg2 Nf6 18. Bf3 Re8 19. Bf2 g5 20. Nd2 g4 21. hxg4 Bxg4 22. e4 Bb4 23. Nc4 b5 24. Ne3 Bxf3+ 25. Kxf3 Nd7 26. Ke2 Rad8 27. Rac1 Nc5 28. Rhd1 Na4 29. Rc2 Bf8 $1 30. Ng4 {[%emt 0:01:13] [#] b3 is the strong threat.} b4 31. Ne3 ({Don't play} 31. Rxc6 Nxb2 32. Rd2 Na4 $11) 31... Bc5 32. Rdc1 Bd4 33. Nd1 {[%emt 0:00:02] Strongly threatening Bxd4.} Bxf2 ({Black should play} 33... c5 $14) 34. Nxf2 $16 Re5 35. Rxc6 {[%emt 0:04:50] Black must now prevent Rc8.} Nxb2 36. R1c5 (36. R6c5 {is more complex.} Re7 37. R1c2 Na4 38. Rxa5 Nc3+ 39. Kf3) 36... Rxc5 37. Rxc5 Ra8 38. Rb5 (38. Rc7 $16) 38... Na4 $1 $14 {[%emt 0:03:41] [#] aiming for ...Nc3+. White is slightly better.} 39. Nd1 Rc8 $1 40. Rxa5 Rc2+ 41. Ke3 Rxa2 {Weighted Error Value: White=0.11 (very precise) /Black=0.08 (flawless)} 1/2-1/2

[Event "French-ch Youth U18 2022"]
[Site "Agen"]
[Date "2022.04.18"]
[Round "3.3"]
[White "Commin-Humeau, Augustin"]
[Black "Bassini, Emile"]
[Result "0-1"]
[ECO "B51"]
[WhiteElo "2029"]
[BlackElo "2287"]
[Annotator "TA"]
[PlyCount "74"]
[EventDate "2022.04.17"]
[EventType "swiss"]
[EventCountry "FRA"]
[SourceTitle "playchess.com"]
[Source "ChessBase"]
[SourceQuality "1"]
[TimeControl "5400+30"]

1. e4 c5 2. Nf3 d6 3. Bb5+ Nd7 4. d4 cxd4 5. Qxd4 Ngf6 6. Bg5 e6 {[%emt 0:08:07] B51: Sicilian: Moscow Variation (3 Bb5+) without 3...Bd7.} 7. O-O (7. Nc3 $14 {deserves consideration.}) 7... Be7 (7... a6 $5 8. Bxd7+ Bxd7 $11) 8. Nc3 O-O {[%emt 0:05:37] White has an edge.} 9. Rad1 Qc7 10. Rfe1 Ne5 {[%emt 0:04:49] [#]} 11. Nd2 $146 ({Predecessor:} 11. Be2 Rd8 12. Nxe5 dxe5 13. Qe3 Bd7 14. Qg3 a6 15. Bh6 Ne8 16. Bh5 Bc6 17. Bc1 {0-1 (31) Acevedo Mendez,L (1888)-Brenes Salgado,J (2121) San Jose 2013}) 11... h6 12. Bh4 Ng6 13. Bg3 Nh5 14. Qd3 {[%emt 0:00:49] [#]} ({White should try} 14. Bf1 $15) 14... a6 $1 $17 15. Ba4 Nxg3 16. Qxg3 Bf6 17. Nf3 Rd8 18. Rd3 (18. Bb3 $15) 18... b5 19. Bb3 Kh7 20. Nd4 {[%emt 0:13:43] [#]} (20. a3 $142) 20... Qb6 ({Black should play} 20... b4 $1 21. Nce2 Qb6) 21. Nce2 (21. Red1 $17 {is a better defense.}) 21... Bb7 (21... Bh4 $19 22. Qe3 Ne5) 22. Qe3 Ne5 23. Rd2 a5 24. f4 $2 {[%emt 0:01:45][%mdl 8192] [#] White does not recover from this.} (24. a3 $17 {is more resistant.}) 24... a4 $1 $19 25. Nc3 ({Of course not} 25. fxe5 Bg5 26. Nf4 dxe5) (25. Nf5 $142 Qa5 26. Nfd4 (26. fxe5 $2 Bg5 $19)) (25. c3 axb3) 25... axb3 26. fxe5 Bg5 27. Qf2 Bxd2 {[%emt 0:00:13] A strong pair of Bishops.} 28. Nxb3 Qxf2+ 29. Kxf2 Bxe1+ 30. Kxe1 dxe5 {[%emt 0:00:04] Strongly threatening ...b4.} 31. a3 f5 32. Nc5 Bxe4 33. N5xe4 fxe4 34. Nxb5 Rab8 35. c4 e3 (35... Rbc8 $142 36. Nc3 Rxc4 37. a4 Rb8 38. Nd1 Rxa4 39. Kf2 Rc4 40. Ke3 Rb3+ 41. Nc3 Rxb2 42. Nxe4 Rb3+ 43. Ke2 Rxe4+ 44. Kd2 Rc4 45. g3 Rb2+ 46. Kd3 Rbc2 47. h3 R4c3+ 48. Ke4 Re2#) 36. b4 Rd2 37. Nc7 Rc8 {[%emt 0:00:06] Weighted Error Value: White=1.18/Black=0.32} 0-1

[Event "French-ch Youth U18 2022"]
[Site "Agen"]
[Date "2022.04.18"]
[Round "3.4"]
[White "Maugenest, Ghislain"]
[Black "Lo Iacono, Sebastien"]
[Result "1/2-1/2"]
[ECO "A57"]
[WhiteElo "2256"]
[BlackElo "1996"]
[Annotator "TA"]
[PlyCount "75"]
[EventDate "2022.04.17"]
[EventType "swiss"]
[EventCountry "FRA"]
[SourceTitle "playchess.com"]
[Source "ChessBase"]
[SourceQuality "1"]
[TimeControl "5400+30"]

1. d4 Nf6 2. c4 c5 3. d5 b5 4. cxb5 a6 5. f3 axb5 6. e4 Qa5+ 7. Bd2 b4 {[%emt 0:00:49] [#]} 8. Na3 $1 e6 {[%emt 0:00:59] A57: Benko/Volga Gambit.} 9. Nc4 Qc7 (9... Qd8 $11 {is superior.}) 10. dxe6 (10. Bg5 $14) 10... dxe6 $15 11. Bd3 Be7 12. Ne2 Nc6 13. O-O O-O {[%emt 0:01:07] [#]} 14. Qc2 $146 ({Predecessor:} 14. a4 Ba6 15. Qc2 Rfd8 16. Bf4 e5 17. Bg3 b3 18. Qxb3 Na5 19. Qa2 Rxd3 20. Nxe5 {0-1 (32) Liew,C (1930)-Halwick,F (2434) IECG email 2002}) 14... Ba6 15. f4 (15. Bf4 $142 e5 16. Bg5) 15... Rfd8 $17 16. e5 {[%emt 0:04:32] [#]} (16. Rad1 $17) 16... Bxc4 ({Black should try} 16... Qd7 $1 $19 17. Nd6 (17. exf6 Qxd3) 17... Bxd3 18. Qxd3 Ne8) 17. Bxc4 $15 Nd5 18. Rad1 Nd4 ({Black should play} 18... Nb6 $17 19. Bc1 Nd4 20. Nxd4 cxd4) 19. Nxd4 $1 cxd4 20. Qb3 (20. Rc1 $15) 20... Ne3 $36 {[%emt 0:06:16][%mdl 2048] Black is on the roll.} 21. Bxe3 dxe3 22. Bd3 {[%emt 0:07:56] [#]} (22. g3 $17) 22... Qa7 $1 $19 {[%emt 0:01:54] Hoping for ...e2+.} 23. Kh1 Qxa2 24. Qc2 g6 25. Qe2 Bc5 26. h4 Qa7 27. h5 Qe7 {[%emt 0:00:45] White must now prevent ...Qh4+.} 28. Qg4 {[%emt 0:02:12] Against Qh4+} (28. g3 $142) 28... Bd4 29. Rf3 e2 30. Bxe2 Bxb2 31. Rxd8+ Qxd8 32. Bd3 (32. Rd3 $17 {was necessary.} Ra1+ 33. Kh2) 32... Ra3 $2 (32... Ra1+ $19 33. Kh2 Kg7) 33. hxg6 $11 hxg6 (33... Rxd3 $2 34. gxh7+ Kxh7 35. Qh3+ Kg7 36. Rxd3 Qxd3 37. Qxd3 $18) 34. Bxg6 {[%emt 0:01:04] Strongly threatening Bd3+.} fxg6 35. Qxg6+ Kf8 {[%emt 0:00:00] ( -> ...Qh4+)} 36. Qh6+ Ke8 37. Qxe6+ (37. Qg6+ $1 $11 Kd7 38. Rd3+ Rxd3 39. Qxd3+ Kc8 40. Qa6+ Kd7 41. Qd3+ Ke8 42. Qg6+ Ke7 43. Qh7+ Kf8 44. Qh8+ Ke7 45. Qh7+ Kf8 46. Qh8+ Ke7 47. Qh7+) 37... Qe7 $17 38. Qg6+ {And White is the lucky defender.  Weighted Error Value: White=0.29 (precise) /Black=0.34} (38. Qc8+ $15 Kf7 39. Qf5+ Kg8 40. Qc8+ Qf8 41. Qg4+ Kf7 42. Qd7+ Qe7 43. Qf5+ Kg8 44. Qg4+ Kf8 45. Qc8+ Kf7 46. Qf5+) 1/2-1/2

[Event "French-ch Youth U18 2022"]
[Site "Agen"]
[Date "2022.04.18"]
[Round "3.5"]
[White "Moracchini, Margaux"]
[Black "Blanquet, Camille"]
[Result "1-0"]
[ECO "B15"]
[WhiteElo "1994"]
[BlackElo "1928"]
[Annotator "TA"]
[PlyCount "72"]
[EventDate "2022.04.17"]
[EventType "swiss"]
[EventCountry "FRA"]
[SourceTitle "playchess.com"]
[Source "ChessBase"]
[SourceQuality "1"]
[TimeControl "5400+30"]

1. e4 c6 2. d4 d5 3. Nd2 dxe4 4. Nxe4 Nf6 5. Nxf6+ exf6 6. c3 Bd6 7. Bd3 O-O 8. Qc2 {[%emt 0:01:19] Active counter play!} Re8+ {[%emt 0:01:11] B15: Caro-Kann: 3 Nc3: 3...g6 and 3...dxe4 4 Nxe4 Nf6 5 Nxf6+ exf6.} 9. Ne2 h5 (9... f5 $5) 10. Be3 Nd7 {[%emt 0:02:07] White has an edge.} 11. O-O-O Nf8 12. c4 Be6 13. Kb1 Rc8 14. Nc3 Qa5 15. Ne4 Be7 {[%emt 0:03:44] [#]} 16. Bd2 $146 ({Predecessor:} 16. Nc5 Bxc5 17. dxc5 Rcd8 18. Be2 g6 19. Bd3 Rxd3 20. Rxd3 Bf5 21. Ka1 Bxd3 22. Qxd3 {1-0 (75) Piekielny,P (2150)-Luberanski,J (2274) Warsaw 2021}) 16... Qd8 17. Bc3 b5 $1 18. cxb5 Qd5 {[%emt 0:01:48][%csl LRa2,LRb5] Inhibits Nc5.} 19. Qa4 (19. Qb3 $15) 19... cxb5 $17 {[%emt 0:06:42][%mdl 64] Deflection} 20. Qxb5 ({Wrong is} 20. Qxa7 $2 Ra8 21. Qb6 Reb8 $19) (20. Qa5 $142) 20... Qxa2+ 21. Kc1 Bd7 $2 (21... f5 $19 {and Black stays clearly on top.} 22. Nc5 Nd7 $1 ) 22. Qxh5 $2 {[%emt 0:01:17][%mdl 8192] White does not recover from this.} (22. Qa6 $17 Qd5 23. Kb1) 22... f5 ({Not} 22... Ba3 $2 23. Nc5 Re5 24. Qf3 Rexc5 25. dxc5 Rxc5 26. Bc2 $19) 23. Nc5 Bxc5 24. dxc5 Rxc5 25. Rd2 {[%emt 0:11:27] [#]} Rb8 (25... Rxc3+ $142 $1 26. bxc3 Qa1+ 27. Bb1 Rb8 28. Rc2 Rxb1+ 29. Kd2 Rxh1 30. Qf3 Ba4 31. Kd3 Qb1 32. Ke3 Bxc2 33. Qd5 Re1+ 34. Kf3 Be4+ 35. Kf4 Qb8+ 36. Qe5 Ne6+ 37. Kg3 Qxe5+ 38. Kh3 Qf4 39. g3 Qh6#) 26. Rc2 $19 {[%emt 0:17:37] Black is clearly winning.} Qa1+ 27. Kd2 Qxh1 28. Qg5 Ng6 29. b4 Rcc8 30. Qg3 f4 31. Qf3 Qxh2 32. Bxg6 fxg6 33. Qd5+ Kh7 {[%emt 0:00:31] White must now prevent ...Bf5.} 34. Qf7 {[%emt 0:02:16] [#]} Qh6 $1 35. f3 {[%emt 0:01:18] [#]} Rf8 $1 36. Qd5 (36. Qe7 Bf5) 36... Bf5 {[%emt 0:00:28][%mdl 32768] Weighted Error Value: White=1.09/Black=0.61. Loss on time!?} 1-0

[Event "French-ch Youth U18 2022"]
[Site "Agen"]
[Date "2022.04.18"]
[Round "3.6"]
[White "Renaudin, Axelle"]
[Black "Tomasi, Elise"]
[Result "1/2-1/2"]
[ECO "A06"]
[WhiteElo "1591"]
[BlackElo "1988"]
[Annotator "TA"]
[PlyCount "53"]
[EventDate "2022.04.17"]
[EventType "swiss"]
[EventCountry "FRA"]
[SourceTitle "playchess.com"]
[Source "ChessBase"]
[SourceQuality "1"]
[TimeControl "5400+30"]

1. Nf3 d5 2. c4 e6 3. e3 Nf6 4. Nc3 Be7 5. d4 O-O 6. Bd3 c5 7. cxd5 {[%emt 0:04:17] D40: Queen's Gambit Declined: Semi-Tarrasch with 5 e3.} (7. O-O {with more complications.} dxc4 8. Bxc4 a6 9. dxc5 Bxc5 10. Bd3) 7... Nxd5 (7... exd5 {is interesting.} 8. O-O c4 9. Bc2 Be6) 8. Nxd5 Qxd5 {[%emt 0:01:25] [#]} 9. dxc5 $146 (9. Qc2 {deserves consideration.}) ({Predecessor:} 9. Qc2 h6 10. O-O Nd7 11. Rd1 Nf6 12. e4 Qh5 13. e5 Nd7 14. Be3 b6 15. Be4 {0-1 (28) Politi,A (1741)-Nyback,J (2120) Finland 2017}) 9... Qxc5 (9... Rd8 $5 10. Be2 Qxd1+ 11. Bxd1 Nd7 $15) 10. Bd2 Bf6 11. Rc1 Qh5 12. Qc2 {[%emt 0:11:04] And now Qxc8 would win.} Nc6 13. Bc3 Bxc3+ 14. Qxc3 Bd7 15. O-O Rfd8 16. Rfd1 Rac8 17. Be2 f6 (17... Be8 $11) 18. Qb3 $1 $16 Rc7 (18... Qe8 $16) 19. Nd4 $18 Qe8 {[%emt 0:01:50] [#]} 20. Nb5 Na5 {[%emt 0:01:31][%cal Bc6a5,Ba5b3,Bb3c1][%mdl 32] [#] aiming for ...Rxc1.} 21. Nxc7 Nxb3 $16 {[%emt 0:00:08] White is better.} 22. Nxe8 {[%emt 0:00:04][%mdl 64] Pin. &Bianco is more active.} Nxc1 23. Nxf6+ gxf6 24. Rxc1 $18 {[%emt 0:00:10] KRB-KRB} Bc6 25. Rd1 {[%emt 0:05:47] Against Rd2} Rc8 26. b3 Kf7 27. f3 {[%emt 0:02:42] Weighted Error Value: White=0.14 (very precise) /Black=0.24 (precise)} 1/2-1/2

[Event "French-ch Youth U18 2022"]
[Site "Agen"]
[Date "2022.04.18"]
[Round "3.7"]
[White "Randrianarimanana, Alicia"]
[Black "Sumarriva Paulin, Laura"]
[Result "1/2-1/2"]
[ECO "D02"]
[WhiteElo "1985"]
[BlackElo "1925"]
[Annotator "TA"]
[PlyCount "75"]
[EventDate "2022.04.17"]
[EventType "swiss"]
[EventCountry "FRA"]
[SourceTitle "playchess.com"]
[Source "ChessBase"]
[SourceQuality "1"]
[TimeControl "5400+30"]

1. d4 d5 2. Nf3 c5 3. e3 Nc6 4. b3 cxd4 5. exd4 Bg4 6. Be2 {[%emt 0:02:42] D02: 1 d4 d5 2 Nf3 sidelines, including 2...Nf6 3 g3 and 2...Nf6 3 Bf4.} e6 7. Bb2 Bd6 8. O-O Nf6 9. Ne5 Bxe2 10. Qxe2 O-O 11. c4 Rc8 12. Nd2 Bb8 13. Ndf3 {[%emt 0:06:40] [#]} Qd6 $146 ({Predecessor:} 13... Re8 14. Ng5 Rc7 15. Rad1 h6 16. Nh3 Ne7 17. f4 Ne4 18. Nf2 Nxf2 19. Qxf2 Nf5 {1-0 (56) Lomandong,M (2035)-Liu,Y (1926) Batumi 2018}) 14. c5 Qe7 15. Nxc6 bxc6 16. b4 Ne4 17. Rfe1 Qc7 18. g3 Qb7 19. Ba3 f6 20. Nd2 Nxd2 21. Qxd2 e5 22. Bb2 e4 23. Re3 (23. f4 $11) 23... Qd7 24. f4 exf3 25. Rxf3 Qg4 26. Kg2 (26. Qd3 $5 ) 26... Rfe8 27. Re1 {[%emt 0:00:06] The position is equal.} Kf7 28. Rfe3 Qg5 (28... Bf4 $5 29. Qe2 Qxe2+ 30. R3xe2 {[#]} Bd2 $1 31. Rxe8 Rxe8 32. Rxe8 Kxe8 $11) 29. Qe2 Rxe3 30. Qxe3 Qxe3 31. Rxe3 Re8 32. Rxe8 Kxe8 $11 {[%emt 0:00:01][%mdl 4096] Endgame KB-KB} 33. a4 a6 $1 {[%emt 0:00:17] Inhibits b5.} 34. Kf3 Ke7 35. Bc1 Ke6 36. h4 g6 37. Bf4 Bxf4 38. Kxf4 {[%emt 0:00:02] Weighted Error Value: White=0.13 (very precise) /Black=0.11 (very precise)} 1/2-1/2

[Event "French-ch Youth U18 2022"]
[Site "Agen"]
[Date "2022.04.18"]
[Round "3.8"]
[White "Bellahcene, Sofia"]
[Black "Lordier, Sophia"]
[Result "0-1"]
[ECO "B34"]
[WhiteElo "1813"]
[BlackElo "1725"]
[Annotator "NA RC"]
[PlyCount "61"]
[EventDate "2022.04.17"]
[EventType "swiss"]
[EventCountry "FRA"]
[SourceTitle "playchess.com"]
[Source "ChessBase"]
[SourceQuality "1"]
[TimeControl "5400+30"]

1. e4 c5 2. Nf3 Nc6 3. d4 cxd4 4. Nxd4 Nf6 5. Nc3 e5 6. Ndb5 d6 7. Nd5 Nxd5 8. exd5 Ne7 9. c4 Ng6 10. Bd3 (10. Qa4 $5 Bd7 11. Qb4 $11) 10... Be7 11. O-O a6 12. Nc3 O-O 13. Be3 f5 $11 14. f3 Bg5 15. Qd2 Bf4 16. Qf2 Qg5 17. Bb6 e4 18. Bxe4 fxe4 19. Nxe4 Qh5 20. g3 Be5 21. Qe3 Bh3 22. Rf2 Ne7 23. Qg5 Qxg5 24. Nxg5 Bf5 25. g4 h6 26. Nh3 Bd7 27. f4 Bf6 28. Rg2 Rac8 29. Rc1 Nxd5 30. Bf2 Be7 31. Rd1 0-1

[Event "French-ch Youth U18 2022"]
[Site "Agen"]
[Date "2022.04.19"]
[Round "4.1"]
[White "Eveno, Nathan"]
[Black "Girel, Joseph"]
[Result "0-1"]
[ECO "C78"]
[WhiteElo "2107"]
[BlackElo "2394"]
[Annotator "TA"]
[PlyCount "140"]
[EventDate "2022.04.17"]
[EventType "swiss"]
[EventCountry "FRA"]
[SourceTitle "playchess.com"]
[Source "ChessBase"]
[SourceQuality "1"]
[TimeControl "5400+30"]

1. e4 e5 2. Nf3 Nc6 3. Bb5 a6 4. Ba4 Nf6 5. O-O b5 6. Bb3 Bc5 7. c3 d6 8. a4 Rb8 9. d4 Bb6 10. a5 {[%emt 0:00:27] C78: Ruy Lopez: Archangelsk and Möller Defences.} (10. Na3 $14) 10... Ba7 $1 $11 (10... Nxa5 11. Rxa5 Bxa5 12. dxe5) (10... Bxa5 $2 11. Bd5 (11. d5 Ne7 $18) 11... Nxd5 12. exd5 $18) 11. h3 Bb7 12. Re1 {[%emt 0:05:53] White has an edge.} (12. Be3 $5 ) 12... O-O 13. Be3 exd4 $1 ({But not} 13... Nxe4 14. d5 $16) 14. cxd4 Nb4 (14... Nxe4 $2 15. d5 $18) 15. d5 Bxe3 16. Rxe3 c5 {[%emt 0:01:03] [#]} 17. dxc6 $146 ({Predecessor:} 17. Nc3 Re8 18. Qd2 Nd7 19. Bc2 Nxc2 20. Qxc2 Bc8 21. Ne2 Qf6 22. Re1 b4 23. Nc1 {½-½ (69) Tabatabaei,M (2629)-Schitco,I (2467) Chess.com INT 2020}) 17... Nxc6 18. e5 (18. Ba2 $11) 18... dxe5 $17 19. Qxd8 Rbxd8 20. Nxe5 Nd4 21. Nd2 (21. Na3 $142) 21... Nc2 $2 22. Bxc2 $11 {[%emt 0:00:28] aiming for Ndf3.} Rxd2 23. Rc1 Rc8 24. Rc3 Rxc3 25. bxc3 Kf8 26. Kf1 Ne4 27. Ke1 {[%emt 0:00:14] [#]} (27. Bxe4 $11 Bxe4 28. Re1) 27... Rd5 $1 $15 {[%emt 0:04:57] &Nero is more active.} 28. f4 Nc5 (28... Nxc3 $2 29. Bb3 Rxe5+ 30. fxe5 $18) 29. Ke2 Rd8 30. g4 (30. g3 $15) 30... Re8 $17 {Strongly threatening ...f6.} 31. Kf2 f6 32. Nf3 Ne4+ 33. Bxe4 Rxe4 {[%emt 0:00:02][%mdl 4096] Endgame KRB-KRN} 34. Nd4 Rxf4+ 35. Ke3 Re4+ 36. Kd3 Re5 37. c4 bxc4+ 38. Rxc4 Rxa5 (38... Bg2 $17 {Threatens to win with ...Bf1+.} 39. Rc8+ Kf7) 39. Ne6+ $1 $15 Ke7 40. Rc7+ $2 {[%emt 0:00:22][%mdl 8192] Loses the game.} (40. Nxg7 $15 Kd7 41. Kd4) 40... Kxe6 $19 41. Rxb7 {[%emt 0:00:07] KR-KR} Ra3+ 42. Ke4 Rxh3 (42... g5 $142 43. Rxh7 Ra4+ 44. Kd3 a5) 43. Rxg7 {[%emt 0:01:13] [#]} Rh4 $1 44. Kf3 (44. Ke3) 44... h5 45. g5 Ra4 46. gxf6 Kxf6 47. Rc7 h4 48. Rc5 Ke7 49. Rc6 Kf7 50. Kg2 Rg4+ (50... a5 $142 51. Kh3 Ra1) 51. Kh3 {[%emt 0:00:28] [#]} Rg6 52. Rc7+ Ke6 {[%emt 0:00:47] White must now prevent ...Kd6.} 53. Rc5 $2 (53. Rc6+ Kf5 54. Rc8) 53... Kd6 54. Rc8 Rh6 55. Rc1 Kd5 {[%emt 0:00:30] ( -> ...a5)} 56. Rc8 Kd4 {Black mates.} 57. Rc7 a5 58. Ra7 Rh5 59. Kg4 Re5 60. Kxh4 Kc3 61. Kg4 Kb4 62. Kf4 Re1 63. Rb7+ Ka3 64. Rd7 a4 65. Rd3+ Kb2 66. Rd8 a3 67. Rb8+ Ka1 68. Kf3 a2 69. Kf2 Rb1 70. Re8 Kb2 {[%emt 0:00:06] Weighted Error Value: White=0.64/Black=0.16 (very precise)} 0-1

[Event "French-ch Youth U18 2022"]
[Site "Agen"]
[Date "2022.04.19"]
[Round "4.2"]
[White "Bassini, Emile"]
[Black "Fardet, Elouan"]
[Result "0-1"]
[ECO "B69"]
[WhiteElo "2287"]
[BlackElo "2162"]
[Annotator "TA"]
[PlyCount "64"]
[EventDate "2022.04.17"]
[EventType "swiss"]
[EventCountry "FRA"]
[SourceTitle "playchess.com"]
[Source "ChessBase"]
[SourceQuality "1"]
[TimeControl "5400+30"]

1. e4 c5 2. Nf3 d6 3. d4 cxd4 4. Nxd4 Nf6 5. Nc3 Bd7 6. Bg5 e6 7. f4 Nc6 8. Qd2 a6 9. O-O-O Be7 10. Nf3 b5 11. Bxf6 gxf6 12. f5 Qb6 13. Qh6 {[%emt 0:00:08] B69: Sicilian: Richter-Rauzer: 7...a6 8 0-0-0 Bd7 9 f4 Be7 10 Nf3 b5 11 Bxf6.} O-O-O 14. Qh5 Rhf8 15. Kb1 {[%emt 0:00:05] White has an edge.} Kb8 16. Bd3 Qc5 17. Rhe1 Bc8 {[%emt 0:11:43] [#]} (17... Ne5 $11) 18. Bf1 $146 (18. Qxh7 Rh8 19. Qg7 (19. Qxf7 Rdf8 $15) 19... Rdg8 20. Qxf7 Qa7 21. fxe6 Nd8 $17) ({Predecessor:} 18. g3 b4 19. Ne2 e5 20. Qxh7 d5 21. Nc1 a5 22. exd5 Rxd5 23. Be4 Rxd1 24. Rxd1 {1-0 (36) Mihok,O (2552)-Praggnanandhaa,R (2608) Chess.com INT 2020}) 18... Ka7 19. Ne2 (19. Qxh7 $6 Rh8 20. Qg7 (20. Qxf7 Rdf8 $11) 20... Rdg8 21. Qxf7 Rf8 $11) ({White should try} 19. Nd2 $16) 19... d5 (19... exf5 20. Ned4 $16) (19... Nb4 20. c3 Nc6 21. Nf4 $16 (21. Qxh7 Rh8 $11)) 20. exd5 Nb4 21. Nc3 Nxd5 22. Nxd5 Rxd5 23. Rxd5 ({Much weaker is} 23. Qxh7 Rxf5 24. Bd3 Rh5 $15) 23... Qxd5 24. Qxh7 e5 (24... Bb4 $11 {keeps the balance.} 25. Rc1 (25. c3 Bc5 $15) 25... exf5) 25. Bd3 $16 Rd8 {[%emt 0:01:46][%cal Oe5e4] [#] Threatens to win with ...e4!} 26. a3 $1 Rd7 27. h4 ({Better is} 27. Qh4 $16) 27... b4 $1 $11 28. axb4 (28. Be4 $14 Qc4 29. Qh6) 28... Bxb4 $15 29. Re3 (29. Re4 $15 Qa5 30. Qh6) 29... Bb7 ({Black should play} 29... Qb7 $17 {...Bc3 is the strong threat.} 30. Be2 Qb6) 30. Qh6 $1 Qc5 {[%emt 0:01:04][%cal Oe5e4][%mdl 1024] [#] White must now prevent ...e4! Black has compensation.} (30... Qa5 $5 31. Re2 (31. Qxf6 e4 $17) 31... Kb8 32. Qxf6 e4 $15) 31. c3 Ba5 {[%emt 0:01:48] And now ...Bb6 would win. A strong pair of Bishops.} 32. Nd2 $2 (32. Bc2 $1 $11) 32... Bb6 {[%emt 0:00:25] Weighted Error Value: White=0.53/Black=0.19 (very precise)} 0-1

[Event "French-ch Youth U18 2022"]
[Site "Agen"]
[Date "2022.04.19"]
[Round "4.3"]
[White "Avanesyan, Davit"]
[Black "Mas, Victor"]
[Result "0-1"]
[ECO "C45"]
[WhiteElo "2065"]
[BlackElo "2190"]
[Annotator "TA"]
[PlyCount "94"]
[EventDate "2022.04.17"]
[EventType "swiss"]
[EventCountry "FRA"]
[SourceTitle "playchess.com"]
[Source "ChessBase"]
[SourceQuality "1"]
[TimeControl "5400+30"]

1. e4 e5 2. Nf3 Nc6 3. d4 exd4 4. Nxd4 Nf6 5. Nxc6 bxc6 6. e5 Qe7 7. Qe2 Nd5 8. c4 Nb6 9. Nd2 Qe6 10. Qe4 {[%emt 0:06:43] is the legacy move (10.b3). C45: Scotch Game.} a5 11. Be2 Bb4 {[%emt 0:09:54] [#]} (11... d5 $5 12. exd6 Bxd6 $11) 12. a3 $146 {[%emt 0:16:03] White is slightly better.} ({Predecessor:} 12. O-O Ba6 13. Bg4 Qe7 14. b3 Bxd2 15. Bxd2 d5 16. Qf3 O-O 17. Rfe1 Bc8 18. Rac1 {1-0 (29) Arribas Lopez,A (2480)-Yim,S (2254) Dallas 2018}) 12... d5 13. Qf4 Be7 14. Nf3 Nxc4 15. Bxc4 dxc4 16. O-O O-O 17. Bd2 Qg6 18. Rfe1 Be6 19. Rad1 Rfd8 20. Bc3 Bh3 (20... Rd3 $17) 21. Qg3 Qxg3 22. hxg3 Be6 23. Rxd8+ Bxd8 24. Nd4 Bd5 25. Nf5 Kf8 26. Rd1 g6 27. Ne3 Be6 28. Rc1 Bg5 29. f4 Be7 30. Bd4 {[%emt 0:00:14] Inhibits Bc5.} Rd8 31. Bc3 {[%emt 0:01:34] [#] Loses the game.} (31. Ba7 $17) 31... Rd3 (31... Bc5 $142 32. Kf2 Rd3) 32. Nf1 (32. Nc2 {keeps fighting.}) 32... a4 33. Kh2 Bc5 34. Re1 $2 {[%emt 0:00:58] [#]} (34. Nd2) 34... Bxa3 $1 $19 35. Ra1 Bc5 36. Nd2 a3 37. Ne4 Be7 38. Nf6 Bd5 39. Be1 $2 (39. g4) 39... axb2 40. Ra8+ Kg7 41. Rg8+ Kh6 42. g4 {[%emt 0:03:05] Black mates.} Bxf6 43. Bb4 Bg7 ({Don't do} 43... Rh3+ 44. gxh3 c5 45. Bxc5 Bg7 46. g5+ Kh5 47. Rxg7 h6 48. Rh7 b1=Q 49. Rxh6#) 44. Be7 f6 $1 ({Much less strong is} 44... Rh3+ 45. Kxh3 g5 46. fxg5+ Kg6 47. Bf6 Bxg2+ 48. Kxg2 b1=Q 49. Rxg7#) 45. Rb8 Rb3 46. Rxb3 cxb3 47. Kh3 Be6 {[%emt 0:00:28] Weighted Error Value: White=0.56/Black=0.14 (very precise)} ({Resist} 47... b1=Q 48. g5+ fxg5 49. Bxg5+ Kh5 50. g4#) 0-1